 Dungeon Crawl Stone Soup version 0.22-a0-160-gcc81d7a (webtiles) character file.

114 Gorice the Vexing (level 4, -1/48 HPs)
             Began as a Gnoll Wanderer on Feb 10, 2018.
             Slain by Crazy Yiuf
             ... wielding a +4 quarterstaff of chaos
              (10 damage)
             ... on level 3 of the Dungeon.
             The game lasted 00:07:28 (2630 turns).

Gorice the Vexing (Gnoll Wanderer)                  Turns: 2630, Time: 00:07:29

Health: -1/48      AC: 12    Str: 20    XL:     4   Next: 97%
Magic:  8/8        EV: 10    Int: 13    God:
Gold:   146        SH:  0    Dex: 16    Spells: 9/9 levels left

rFire    . . .     SeeInvis .   a - +1 spear
rCold    . . .     Gourm    .   (no shield)
rNeg     + . .     Faith    .   c - +2 scale mail
rPois    +         Spirit   .   i - +1 hat
rElec    .         Reflect  .   (no cloak)
rCorr    .         Harm     .   n - +0 pair of gloves (curse)
MR       .....                  m - +0 pair of boots
Stlth    ..........             (no amulet)
HPRegen  0.16/turn              e - ring of positive energy
MPRegen  0.11/turn              p - ring of poison resistance

@: berserking, slowed
A: distributed training, fangs 1, strong nose
a: no special abilities


You were on level 3 of the Dungeon.
You were not hungry.

You visited 1 branch of the dungeon, and saw 3 of its levels.

You collected 146 gold pieces.

Inventory:

Hand Weapons
 a - a +1 spear (weapon)
 g - a +0 dagger
Missiles
 j - 16 sling bullets
 k - 13 poisoned needles
 l - 3 javelins (quivered)
 Y - 110 stones
Armour
 c - a +2 scale mail (worn)
 i - a +1 hat (worn)
 m - a +0 pair of boots (worn)
 n - a cursed +0 pair of gloves (worn)
Jewellery
 e - a ring of positive energy (left hand)
 o - an uncursed amulet of magic regeneration
 p - a ring of poison resistance (right hand)
Scrolls
 b - 2 scrolls of teleportation {!r}
 s - 2 scrolls of remove curse {unknown}
 t - a scroll of magic mapping {unknown}
 u - a scroll of blinking {unknown}
 v - 2 scrolls of enchant armour {unknown}
Potions
 h - 2 potions of lignification {unknown}
 r - 2 potions of brilliance {unknown}
Comestibles
 d - 5 rations
 f - 2 chunks of flesh


   Skills:
 + Level 1.2 Fighting
 + Level 1.2 Short Blades
 + Level 1.2 Long Blades
 + Level 1.2 Axes
 + Level 1.2 Maces & Flails
 + Level 1.2 Polearms
 + Level 1.2 Staves
 + Level 1.2 Slings
 + Level 1.2 Bows
 + Level 2.8 Crossbows
 + Level 2.8 Throwing
 + Level 4.7 Armour
 + Level 1.2 Dodging
 + Level 2.6 Stealth
 + Level 1.2 Shields
 + Level 1.2 Unarmed Combat
 + Level 3.0 Spellcasting
 + Level 1.0 Conjurations
 + Level 5.5 Hexes
 + Level 1.0 Charms
 + Level 1.0 Summonings
 + Level 1.0 Necromancy
 + Level 1.0 Translocations
 + Level 1.0 Transmutations
 + Level 1.0 Fire Magic
 + Level 1.0 Ice Magic
 + Level 2.3 Air Magic
 + Level 1.0 Earth Magic
 + Level 1.0 Poison Magic
 + Level 1.4 Invocations
 + Level 1.2 Evocations


You had 9 spell levels left.
You didn't know any spells.

Dungeon Overview and Level Annotations

Branches:
Dungeon (3/15)

Altars:
Uskayaw

Annotations:
D:3 2 transporters, Crazy Yiuf


Innate Abilities, Weirdness & Mutations

Your experience applies equally to all skills.
You have very sharp teeth.
Your uncanny sense of smell can sniff out nearby items.


Message History

No target in view!
You see here an orc corpse.
You butcher the orc corpse.
f - 2 chunks of flesh
Found a ration.
Found a hide-covered altar of Uskayaw.
You now have 146 gold pieces (gained 9).
u - a scroll labeled HEMNIO JASIUR
d - 5 rations (gained 1)
You open the door.
There is an open door here.
v - 2 scrolls labeled AGHUIRA PUUGGI You open the door.
Found a stone staircase leading down.
There is an open door here.
s - 2 scrolls labeled ICZEKHL YHOESO LIRCH (gained 1)
There is a stone staircase leading down here.
There is an open door here.
There is an open door here.
Found a runed door.
You open the door.
Crazy Yiuf the Enlightened comes into view.
He is wielding a quarterstaff of chaos.
Found a mace.
Throwing (i - inventory. (/) - cycle)
l - 4 javelins (quivered)
Press: ? - help, Shift-Dir - straight line, f - Crazy Yiuf
Aim: Crazy Yiuf, wielding a quarterstaff of chaos and wearing a cloak You throw a javelin.
The javelin hits Crazy Yiuf but does no damage.
Your scale mail prevents you from hitting Crazy Yiuf.
Crazy Yiuf screams, "Two!"
Crazy Yiuf hits you with a quarterstaff of chaos!
You feel yourself slow down.
Damage: 7 (max 7)
You hit Crazy Yiuf.
Crazy Yiuf is lightly wounded.
Crazy Yiuf hits you with a quarterstaff of chaos.
Damage: 6 (max 7)
You hit Crazy Yiuf.
Crazy Yiuf is moderately wounded.
Crazy Yiuf screams, "Island ragdoll blue!"
Crazy Yiuf hits you with a quarterstaff of chaos.
Crazy Yiuf freezes you.
Crazy Yiuf laughs, "Cholesterol!"
Crazy Yiuf hits you with a quarterstaff of chaos!
* * * LOW HITPOINT WARNING * * *
Damage: 13 (max 13)
A red film seems to cover your vision as you go berserk!
You feel yourself moving faster!
You feel mighty!
Crazy Yiuf hits you with a quarterstaff of chaos!
You die... ..........'.......'......>###P♣## ..........#.#.#####......## ♣PP#P .####.....#.#.# #......# P♣##P. .#..#...####### ######.# ♣PP..# .#.(#...# #.# #...# .#.(#..## #.# ♣PP..# .####..###♣♣ ### ####♣##PPP ...........♣♣ ♣♣#..)# #..# ♣PPP

###.........♣♣♣♣@g...# #..#####♣♣
# #.###......♣..♣#...# #.....####
###.........♣.♣♣♣ ### #.........
#...##..##♣♣♣♣♣ #.........
....##..# #.........
.......#################.......##
...#####.#.....................#
.#####.#.#.)...................#
.###...#.#.#...................#


You could see Crazy Yiuf.

Vanquished Creatures
  An orc wizard (D:3)
  4 adders
  A worm (D:2)
  4 dart slugs
  A leopard gecko (D:1)
  4 orcs
  2 goblins
  A hobgoblin (D:3)
  3 bats
  3 frilled lizards
  9 kobolds
  15 rats
  A plant (D:3)
49 creatures vanquished.

Notes
Turn   | Place    | Note
-------+----------+-------------------------------------------
     0 | D:1      | Gorice the Gnoll Wanderer began the quest for the Orb.
     0 | D:1      | Gorice set off with: a +2 scale mail, a scroll of teleportation {!r}, a +0 dagger, a ration
     0 | D:1      | Reached XP level 1. HP: 13/13 MP: 4/4
    65 | D:1      | Reached skill level 2 in Air Magic
   285 | D:1      | Reached XP level 2. HP: 19/19 MP: 5/5
  1301 | D:2      | Reached XP level 3. HP: 18/25 MP: 7/7
  1696 | D:2      | Reached skill level 1 in Invocations
  1941 | D:2      | Reached skill level 1 in Fighting
  1941 | D:2      | Reached skill level 1 in Short Blades
  1941 | D:2      | Reached skill level 1 in Long Blades
  1941 | D:2      | Reached skill level 1 in Axes
  1941 | D:2      | Reached skill level 1 in Maces & Flails
  1941 | D:2      | Reached skill level 1 in Polearms
  1941 | D:2      | Reached skill level 1 in Staves
  1941 | D:2      | Reached skill level 1 in Slings
  1941 | D:2      | Reached skill level 1 in Bows
  1941 | D:2      | Reached skill level 1 in Dodging
  1941 | D:2      | Reached skill level 1 in Shields
  1941 | D:2      | Reached skill level 1 in Unarmed Combat
  1941 | D:2      | Reached skill level 1 in Evocations
  1977 | D:3      | Reached skill level 3 in Spellcasting
  1977 | D:3      | Reached XP level 4. HP: 28/32 MP: 8/8
  1986 | D:3      | Found a transporter.
  2135 | D:3      | Found a transporter.
  2203 | D:3      | Reached skill level 1 in Conjurations
  2203 | D:3      | Reached skill level 1 in Charms
  2203 | D:3      | Reached skill level 1 in Summonings
  2203 | D:3      | Reached skill level 1 in Necromancy
  2203 | D:3      | Reached skill level 1 in Translocations
  2203 | D:3      | Reached skill level 1 in Transmutations
  2203 | D:3      | Reached skill level 1 in Fire Magic
  2203 | D:3      | Reached skill level 1 in Ice Magic
  2203 | D:3      | Reached skill level 1 in Earth Magic
  2203 | D:3      | Reached skill level 1 in Poison Magic
  2534 | D:3      | Found a hide-covered altar of Uskayaw.
  2534 | D:3      | Noticed a hand axe
  2536 | D:3      | Noticed a hand axe
  2621 | D:3      | Found a runed door.
  2625 | D:3      | Noticed Crazy Yiuf
  2629 | D:3      | HP: 6/32 [Crazy Yiuf/quarterstaff of chaos (12)]
  2630 | D:3      | Slain by Crazy Yiuf

Vault maps used:
D:1:      elethiomel_arrival_infinity_welcomes_careful_drivers
D:3:      gammafunk_wand_slinger, nicolae_overflow_hidden_temple,
          dancing_weapons_uskayaw, lexackson_kobold_supper,
          uniq_crazy_yiuf_cottage

Skill      XL: |  1  2  3  4 |
---------------+-------------+-----
Air Magic      | 2 |  2.3
Invocations    | 1 |  1.4
Fighting       | 1 |  1.2
Short Blades   | 1 |  1.2
Long Blades    | 1 |  1.2
Axes           | 1 |  1.2
Maces & Flails | 1 |  1.2
Polearms       | 1 |  1.2
Staves         | 1 |  1.2
Slings         | 1 |  1.2
Bows           | 1 |  1.2
Dodging        | 1 |  1.2
Shields        | 1 |  1.2
Unarmed Combat | 1 |  1.2
Evocations     | 1 |  1.2
Spellcasting   | 3 |  3.0
Conjurations   | 1 |  1.0
Charms         | 1 |  1.0
Summonings     | 1 |  1.0
Necromancy     | 1 |  1.0
Translocations | 1 |  1.0
Transmutations | 1 |  1.0
Fire Magic     | 1 |  1.0
Ice Magic      | 1 |  1.0
Earth Magic    | 1 |  1.0
Poison Magic   | 1 |  1.0
Crossbows      | |  2.8
Throwing       | |  2.8
Armour         | |  4.7
Stealth        | |  2.6
Hexes          | |  5.5

Action                   |  1- 3 |  4- 6 || total
-------------------------+-------+-------++-------
Melee: Dagger            |    49 |       ||    49
       Bite              |    19 |    14 ||    33
       Spear             |   125 |   123 ||   248
       Punch             |     1 |     3 ||     4
Throw: Javelin           |     3 |     5 ||     8
       Stone             |     8 |       ||     8
  Use: Scroll            |     3 |       ||     3
       Potion            |       |     1 ||     1
  Eat: Chunk             |     3 |     3 ||     6
Armor: Scale mail        |    71 |    29 ||   100
Dodge: Dodged            |    48 |    32 ||    80

Table legend:
 A = Spawn XP
 B = Non-spawn XP
 C = Spawn XP percentage of total XP
 D = Spawn monster count
 E = Non-spawn monster count
 F = Spawn count percentage of total count
 G = Total turns spent on level
                    A         B        C        D         E        F      G
               +---------+---------+-------+---------+---------+-------+---------
         Total |       0 |     163 |   0.0 |       0 |      48 |   0.0 |  2630
               +---------+---------+-------+---------+---------+-------+---------
           D:1 |       0 |      24 |   0.0 |       0 |      15 |   0.0 |   871
           D:2 |       0 |      54 |   0.0 |       0 |      16 |   0.0 |  1065
           D:3 |       0 |      85 |   0.0 |       0 |      17 |   0.0 |   694
               +---------+---------+-------+---------+---------+-------+---------

Table legend:
 A = Turns spent in this place as a percentage of turns spent in the entire game.
 B = Non-inter-level travel turns spent in this place as a percentage of non-inter-level travel turns spent in the entire game.
 C = Inter-level travel turns spent in this place as a percentage of turns spent in this place.
 D = Turns resting spent in this place as a percentage of non-inter-level travel turns spent in this place.
 E = Turns spent auto-exploring this place as a percentage of non-inter-level travel turns spent in this place.
 F = Non-inter-level travel turns spent in this place divided by the number of levels of this place that you've seen.
                   A       B       C       D       E      F
               +-------+-------+-------+-------+-------+----------------------
         Total | 100.0 | 100.0 |   1.1 |  22.6 |  43.6 | 867.0
       Dungeon | 100.0 | 100.0 |   1.1 |  22.6 |  43.6 | 867.0
               +-------+-------+-------+-------+-------+----------------------

Vault maps used:
D:1:      elethiomel_arrival_infinity_welcomes_careful_drivers
D:3:      gammafunk_wand_slinger, nicolae_overflow_hidden_temple,
          dancing_weapons_uskayaw, lexackson_kobold_supper,
          uniq_crazy_yiuf_cottage
